 Dungeon Crawl Stone Soup version 0.28.0-45-g0d030f2227 (webtiles) character file.

Game seed: 3491618896761104815

156 Ablot the Grasshopper (level 5, -5/43 HPs)
             Began as a Gnoll Warper on Apr 4, 2022.
             Killed from afar by Ijyb (17 damage)
             ... with a bolt of acid
             ... on level 4 of the Dungeon.
             The game lasted 00:03:16 (2652 turns).

Ablot the Grasshopper (Gnoll Warper)                Turns: 2652, Time: 00:03:16

Health: -5/43      AC:  2    Str: 12    XL:     5   Next: 38%
Magic:  12/12      EV: 12    Int: 12    God:
Gold:   117        SH:  0    Dex: 12    Spells: 12/14 levels left

rFire   . . .      SeeInvis +   a - +0 trident
rCold   + . .      Faith    .   (no shield)
rNeg    . . .      Spirit   .   p - +0 acid dragon scales
rPois   .          Reflect  .   (no helmet)
rElec   .          Harm     .   (no cloak)
rCorr   +          Rampage  .   (no gloves)
Will    .....                   (no boots)
Stlth   +.........              (no amulet)
HPRegen 0.14/turn               s - ring of see invisible
MPRegen 0.13/turn               u - ring of protection from cold

@: corroded
A: fangs 1, strong nose, distributed training
a: no special abilities


You were on level 4 of the Dungeon.
You visited 1 branch of the dungeon, and saw 4 of its levels.

You collected 117 gold pieces.

Inventory:

Hand Weapons
 a - a +0 trident (weapon)
Missiles
 d - 5 boomerangs of dispersal (quivered)
 i - 39 stones
 j - 25 sling bullets
 l - 27 arrows
Armour
 h - a +0 buckler
 p - +0 acid dragon scales (worn)
Jewellery
 s - a ring of see invisible (left hand)
 u - a ring of protection from cold (right hand)
Wands
 b - a wand of polymorph (1)
Scrolls
 c - 2 scrolls of blinking
 e - a scroll of torment {unknown}
 g - 3 scrolls of enchant weapon {unknown}
 n - 2 scrolls of amnesia {unknown}
 q - a scroll of vulnerability {unknown}
 r - 2 scrolls of identify {unknown}
 t - a scroll of immolation {unknown}
Potions
 f - a potion of mutation {unknown}
 k - 2 potions of might {unknown}
 m - a potion of heal wounds {unknown}
 o - a potion of berserk rage {unknown}
 v - a potion of resistance {unknown}


   Skills:
 + Level 4.8 Fighting
 + Level 1.4 Short Blades
 + Level 1.4 Long Blades
 + Level 1.4 Axes
 + Level 1.4 Maces & Flails
 + Level 4.8 Polearms
 + Level 1.4 Staves
 + Level 1.4 Slings
 + Level 1.4 Bows
 + Level 1.4 Crossbows
 + Level 3.0 Throwing
 + Level 3.0 Armour
 + Level 4.8 Dodging
 + Level 1.4 Stealth
 + Level 1.4 Shields
 + Level 1.4 Unarmed Combat
 + Level 5.2 Spellcasting
 + Level 1.1 Conjurations
 + Level 1.1 Hexes
 + Level 1.1 Summonings
 + Level 1.1 Necromancy
 + Level 5.5 Translocations
 + Level 1.1 Transmutations
 + Level 1.1 Fire Magic
 + Level 1.1 Ice Magic
 + Level 1.1 Air Magic
 + Level 1.1 Earth Magic
 + Level 1.1 Poison Magic
 + Level 1.6 Invocations
 + Level 1.4 Evocations


You had 12 spell levels left.
You knew the following spells:

 Your Spells              Type           Power      Damage    Failure   Level
a - Blink                 Tloc           32%        N/A       4%          2

Your spell library contained the following spells:

 Spells                   Type           Power      Damage    Failure   Level
 Gell's Gravitas          Tloc           16%        N/A       9%          3
 Lesser Beckoning         Tloc           16%        N/A       9%          3
 Teleport Other           Tloc           16%        N/A       9%          3
 Sublimation of Blood     Necr           5%         N/A       26%         2
 Wereblood                Tmut           5%         N/A       26%         2
 Manifold Assault         Tloc           16%        N/A       63%         5
 Summon Hydra             Summ           2%         N/A       100%        7


Dungeon Overview and Level Annotations

Branches:
Dungeon (4/15)
 Temple: D:4-7

Altars:

Annotations:
D:4 Ijyb


Innate Abilities, Weirdness & Mutations

You have very sharp teeth.
Your uncanny sense of smell can sniff out nearby items.
Your experience applies equally to all skills.


Message History

Ijyb is moderately wounded.
Ijyb zaps a wand.
The bolt of acid hits you! You resist. The acid corrodes you!
You hit Ijyb.
Ijyb is heavily wounded.
Ijyb barely misses you.
You closely miss Ijyb.
Ijyb is heavily wounded.
Ijyb zaps a wand.
The bolt of acid hits you! You resist.
You are too injured to fight recklessly!
You are too injured to fight recklessly!
You are too injured to fight recklessly!
You are too injured to fight recklessly!
You are too injured to fight recklessly!
You hit Ijyb.
Ijyb is heavily wounded.
You hear the slow hiss of an avalanche of sand very nearby.
Ijyb zaps a wand.
The bolt of acid misses you.
You hit Ijyb.
Ijyb is heavily wounded.
Ijyb hits you with a +0 club.
You barely miss Ijyb. You bite Ijyb, but do no damage.
Ijyb is heavily wounded.
Ijyb hits you with a +0 club.
You closely miss Ijyb.
Ijyb is heavily wounded.
Ijyb misses you.
You hit Ijyb. Your bite misses Ijyb.
Ijyb is severely wounded.
Ijyb zaps a wand.
The bolt of acid misses you.
You hit Ijyb but do no damage.
Ijyb is severely wounded.
Ijyb closely misses you. Ijyb barely misses you.
You closely miss Ijyb.
Ijyb is severely wounded.
Ijyb hits you with a +0 club.
* * * LOW HITPOINT WARNING * * *
You hit Ijyb but do no damage.
Ijyb is severely wounded.
Ijyb zaps a wand.
The bolt of acid hits you! You resist.
You die...

#.#.# ###
#.#.# ....
#.#.#
....##.#.####
....#.#.#..##
#....#..<..#
#.!..#...#.#
#........# #
#...g@.#.#
#......#.#
#......#.#
#......#.#.
...?....#.#.
...........#.#
..........
.#.##....##


You could see Ijyb.

Vanquished Creatures
  An ice beast (D:3)
  An adder (D:4)
  4 orcs (D:2)
  5 ball pythons
  8 bats
  7 endoplasms
  3 giant cockroaches
  A goblin (D:1)
  4 hobgoblins
  2 quokkas
  5 frilled lizards
  4 kobolds
  9 rats
54 creatures vanquished.

Notes
Turn   | Place    | Note
-------+----------+-------------------------------------------
     0 | D:1      | Ablot the Gnoll Warper began the quest for the Orb.
     0 | D:1      | Reached XP level 1. HP: 20/20 MP: 6/6
   287 | D:1      | Reached XP level 2. HP: 26/26 MP: 7/7
   295 | D:1      | Learned a level 2 spell: Blink
   999 | D:2      | Reached XP level 3. HP: 28/31 MP: 9/9
  1053 | D:2      | Reached skill level 5 in Spellcasting
  1229 | D:2      | Reached skill level 1 in Invocations
  1833 | D:3      | Reached skill level 1 in Short Blades
  1833 | D:3      | Reached skill level 1 in Long Blades
  1833 | D:3      | Reached skill level 1 in Axes
  1833 | D:3      | Reached skill level 1 in Maces & Flails
  1833 | D:3      | Reached skill level 1 in Staves
  1833 | D:3      | Reached skill level 1 in Slings
  1833 | D:3      | Reached skill level 1 in Bows
  1833 | D:3      | Reached skill level 1 in Crossbows
  1833 | D:3      | Reached skill level 1 in Stealth
  1833 | D:3      | Reached skill level 1 in Shields
  1833 | D:3      | Reached skill level 1 in Unarmed Combat
  1833 | D:3      | Reached skill level 1 in Evocations
  1994 | D:3      | Found a faded altar of an unknown god.
  2276 | D:3      | Reached XP level 4. HP: 38/38 MP: 11/11
  2346 | D:3      | Noticed a scorpion
  2349 | D:3      | Noticed an ice beast
  2349 | D:3      | a scorpion changed into an ice beast
  2368 | D:3      | Killed an ice beast
  2369 | D:3      | Reached skill level 1 in Conjurations
  2369 | D:3      | Reached skill level 1 in Hexes
  2369 | D:3      | Reached skill level 1 in Summonings
  2369 | D:3      | Reached skill level 1 in Necromancy
  2369 | D:3      | Reached skill level 1 in Transmutations
  2369 | D:3      | Reached skill level 1 in Fire Magic
  2369 | D:3      | Reached skill level 1 in Ice Magic
  2369 | D:3      | Reached skill level 1 in Air Magic
  2369 | D:3      | Reached skill level 1 in Earth Magic
  2369 | D:3      | Reached skill level 1 in Poison Magic
  2369 | D:3      | Reached XP level 5. HP: 26/43 MP: 12/12
  2637 | D:4      | Noticed Ijyb
  2652 | D:4      | Killed from afar by Ijyb

Illustrated notes

Levels and vault maps discovered:
D:1:      dpeg_arrival_arbitrary_b, layout_basic
D:2:      layout_basic, serial_forest, infiniplex_forest_end_2,
          infiniplex_forest_clump_small, infiniplex_forest_lined_2,
          infiniplex_forest_straight_3, infiniplex_forest_straight_1,
          infiniplex_forest_end_double
D:3:      layout_loops_cross, basic_ecumenical_altar
D:4:      layout_basic, lemuel_tele_altar, mainiacjoe_overflow_paths,
          dancing_weapons_uskayaw, serial_shops, shop_statue,
          serial_co_window_serial, co_window_of_opportunity_a,
          co_window_paths_a, co_window_paths_a, co_window_of_opportunity_a,
          co_window_paths_b, co_window_paths_a, co_window_paths_a,
          co_window_corner_b, co_window_cross_3, co_window_corner_b,
          co_window_corner_b, co_window_2corner, co_window_2corner,
          co_window_corner_b, glass_columns_b, glass_columns_b, glass_columns_c,
          glass_columns_a, glass_columns_b, enter_ossuary_5, amethyst_killhole,
          uniq_ijyb, uniq_sigmund

Skill      XL: |  1  2  3  4  5 |
---------------+----------------+-----
Spellcasting   | 5 |  5.2
Invocations    | 1 |  1.6
Short Blades   | 1 |  1.4
Long Blades    | 1 |  1.4
Axes           | 1 |  1.4
Maces & Flails | 1 |  1.4
Staves         | 1 |  1.4
Slings         | 1 |  1.4
Bows           | 1 |  1.4
Crossbows      | 1 |  1.4
Stealth        | 1 |  1.4
Shields        | 1 |  1.4
Unarmed Combat | 1 |  1.4
Evocations     | 1 |  1.4
Conjurations   | 1 |  1.1
Hexes          | 1 |  1.1
Summonings     | 1 |  1.1
Necromancy     | 1 |  1.1
Transmutations | 1 |  1.1
Fire Magic     | 1 |  1.1
Ice Magic      | 1 |  1.1
Air Magic      | 1 |  1.1
Earth Magic    | 1 |  1.1
Poison Magic   | 1 |  1.1
Throwing       | 3 |  3.0
Armour         | 3 |  3.0
Fighting       | |  4.8
Polearms       | |  4.8
Dodging        | |  4.8
Translocations | |  5.5

Action                   |  1- 3 |  4- 6 || total
-------------------------+-------+-------++-------
Melee: Spear             |   145 |       ||   145
       Bite              |    11 |     5 ||    16
       Punch             |     2 |       ||     2
       Trident           |    12 |    40 ||    52
Evoke: Wand              |       |     3 ||     3
 Stab: Sleeping          |     1 |     1 ||     2
Armor: Leather armour    |     8 |       ||     8
       Acid dragon scale |    26 |    11 ||    37
Dodge: Dodged            |    72 |    18 ||    90
